 Dungeon Crawl Stone Soup version 0.30-a0-439-g9e77e4d916 (webtiles) character file.

Game seed: 4034723937557547617

94558 cforsyth the Tortoise (level 15, -38/214 HPs)
             Began as a Minotaur Berserker on Dec 11, 2022.
             Was a High Priest of Trog.
             Annihilated by a golden dragon simulacrum (48 damage)
             ... in an ice cave.
             The game lasted 01:04:04 (24007 turns).

cforsyth the Tortoise (Minotaur Berserker)         Turns: 24007, Time: 01:04:04

Health: -38/214    AC: 27    Str: 33    XL:     15   Next: 63%
Magic:  0/14       EV: 15    Int:  4    God:    Trog [*****.]
Gold:   2071       SH: 11    Dex: 15    Spells: 14/14 levels left

rFire   + . .      SeeInvis +    B - +5 broad axe (vorpal)
rCold   . . .      Faith    .    A - +0 kite shield {rPois}
rNeg    . . .      Spirit   +    X - +0 chain mail {rF+}
rPois   +          Reflect  .    j - +2 hat
rElec   .          Harm     .    b - +1 cloak
rCorr   .          Rampage  .    R - +0 pair of gloves "Cahaod" {Will+}
Will    ++...      Clarity  +    N - +0 pair of boots
Stlth   ..........               g - amulet of guardian spirit
HPRegen 0.55/turn                D - ring of Tulips {Dex+5 SInv}
MPRegen 0.14/turn                l - +6 ring of strength

@: berserking, studying Armour, very quick
A: horns 2, retaliatory headbutt, iridescent scales 2, clarity, weak 1
a: Renounce Religion, Berserk, Trog's Hand, Brothers in Arms


You were in an ice cave.
You worshipped Trog.
Trog was extremely pleased with you.
You visited 3 branches of the dungeon, and saw 21 of its levels.
You visited the Abyss 1 time.
You also visited: Sewer, Gauntlet, Ice Cave and Volcano.

You collected 2071 gold pieces.

Inventory:

Hand Weapons
 u - the +9 sling of Bodowk {flame, Will+}
   (You found it on level 4 of the Dungeon)

   Any ammunition fired from it burns those it strikes, dealing additional fire
   damage.
   Will:      It increases your willpower.
 B - a +5 vorpal broad axe (weapon)
 F - the +4 sling of the Open Hand {speed, rElec rF+ MP-9 Dex+7}
   (You took it off a minotaur in a Gauntlet)

   Attacks with this weapon are significantly faster.
   Dex:       It affects your dexterity (+7).
   rF:        It protects you from fire.
   rElec:     It insulates you from electricity.
   MP:        It affects your magic capacity (-9).
 W - a +0 broad axe of flaming
Missiles
 I - 6 silver javelins (quivered)
Armour
 b - a +1 cloak (worn)
 j - a +2 hat (worn)
 z - the +0 pair of boots of Beogh's Indignation {+Inv rPois rC- Dex+4}
   (You found it in a Gauntlet)

   Dex:       It affects your dexterity (+4).
   rC:        It makes you vulnerable to cold.
   rPois:     It protects you from poison.
   +Inv:      It lets you turn invisible.
 A - a +0 kite shield of poison resistance (worn)
 C - a +1 pair of gloves of hurling
 N - a +0 pair of boots (worn)
 R - the +0 pair of gloves "Cahaod" (worn) {Will+}
   (You found it on level 5 of the Lair of Beasts)

   Will:      It increases your willpower.
 X - a +0 chain mail of fire resistance (worn)
Jewellery
 f - a ring of resist corrosion
 g - an amulet of guardian spirit (around neck)
 l - a +6 ring of strength (right hand)
 v - a ring of poison resistance
 D - the ring of Tulips (left hand) {Dex+5 SInv}
   (You found it in a Gauntlet)

   [ring of see invisible]

   Dex:       It affects your dexterity (+5).
   SInv:      It lets you see invisible.
 G - a ring of willpower
 H - a ring of willpower
 U - a ring of positive energy
Wands
 k - a wand of polymorph (20)
 m - a wand of paralysis (19)
 o - a wand of flame (9)
 x - a wand of iceblast (25)
 y - a wand of mindburst (21)
 J - a wand of quicksilver (19)
Scrolls
 c - 3 scrolls of silence
 e - 6 scrolls of butterflies
 h - 6 scrolls of teleportation
 i - 3 scrolls of blinking
 p - a scroll of poison
 t - 8 scrolls of identify
 E - a scroll of magic mapping
 L - a scroll of enchant armour
 O - 2 scrolls of enchant weapon
 P - 2 scrolls of summoning
Potions
 a - 2 potions of attraction
 n - 6 potions of lignification
 q - a potion of cancellation
 r - 8 potions of curing
 s - 3 potions of haste
 w - 2 potions of resistance
 K - 3 potions of might
 M - a potion of ambrosia
 Q - 3 potions of mutation
 S - a potion of berserk rage
 T - a potion of flight
 V - 3 potions of heal wounds
 Y - 2 potions of invisibility
Miscellaneous
 d - a phial of floods
 Z - a tin of tremorstones (2/2)


   Skills:
 + Level 15.6 Fighting
 + Level 15.6 Axes
 + Level 18.2 Armour
 + Level 14.1 Dodging
 - Level 10.0 Shields
 + Level 9.2 Evocations


You had 14 spell levels left.
You didn't know any spells.
Your spell library was empty.

Dungeon Overview and Level Annotations

Branches:
Dungeon (14/15)            Temple (0/1) D:7            Lair (5/5) D:11
 Shoals (0/4) Lair:2        Snake (0/4) Lair:3        Slime (0/5) Lair:5
    Orc (2/2) D:9             Elf (0/3) Orc:2         Sewer (visited)
  IceCv (1/1)             Volcano (visited)         Gauntlet (visited)
 Vaults: D:13-14

Altars:
Uskayaw
Zin
Jiyva

Shops:
D:1 =   D:5 :   D:9 *   Orc:2 =(*(

Annotations:
Lair:4 exclusion: ice statue


Innate Abilities, Weirdness & Mutations

You have a pair of horns on your head.
You reflexively headbutt those who attack you in melee.
You are mostly covered in iridescent scales. (AC +4)
You possess an exceptional clarity of mind.
You are weak. (Str -2)


Message History

You stumble backwards!
You slash the golden dragon simulacrum!
The golden dragon simulacrum is moderately damaged.
Unknown command.
You completely miss the golden dragon simulacrum.
You headbutt the golden dragon simulacrum!
The golden dragon simulacrum is moderately damaged.
You block the golden dragon simulacrum's attack.
The golden dragon simulacrum claws you but does no damage.
You block the golden dragon simulacrum's attack.
You completely miss the golden dragon simulacrum.
The golden dragon simulacrum is moderately damaged.
The golden dragon simulacrum bites you!
The golden dragon simulacrum freezes you!!
The golden dragon simulacrum claws you!
The golden dragon simulacrum freezes you!!
* * * LOW HITPOINT WARNING * * *
You block the golden dragon simulacrum's attack.
Press: ? - help, v - describe, . - travel
Here: a golden dragon simulacrum (moderately damaged)
The floor, spattered with blood.
Unknown command.
A red film seems to cover your vision as you go berserk!
You feel yourself moving faster!
You feel mighty!
The golden dragon simulacrum misses you.
The golden dragon simulacrum claws you.
* * * LOW HITPOINT WARNING * * *
The golden dragon simulacrum freezes you!!
* * * LOW HITPOINT WARNING * * *
The golden dragon simulacrum closely misses you.
You slash the golden dragon simulacrum!
The golden dragon simulacrum is heavily damaged.
Unknown command.
You hit the golden dragon simulacrum but do no damage.
The golden dragon simulacrum is heavily damaged.
The golden dragon simulacrum closely misses you.
The golden dragon simulacrum claws you.
* * * LOW HITPOINT WARNING * * *
The golden dragon simulacrum freezes you!!!
You die...

# .#. #### .... ####
##..## ..Z..
##..#####....##
......##....##.......#
.........#Z......∩.∩.#
......Z.###@.........#
...4..#.. ##..##....##
....Z###≈≈ ######..##
..... ≈≈# #### ...Z
≈## #.. .Z ##. #.


You could see a golden dragon simulacrum.

Vanquished Creatures
  A bone dragon (Abyss:2)
  A lich (Abyss:3)
  Gastronok (D:8)
  3 tentacled starspawn (Abyss:3)
  A tengu reaver (D:13)
  A revenant (Abyss:4)
  A minotaur (Gauntlet)
  Azrael (D:13)
  The ghost of p00ps00p the Cleaver, a journeyman HOFi of Gozag (D:9)
  4 hydras
  An ice dragon (Lair:4)
  2 catoblepae
  A ghost crab (Gauntlet)
  Erica (Lair:2)
  4 centaur warriors
  5 two-headed ogres
  3 boulder beetles
  A death yak (Lair:5)
  2 tengu warriors (D:13)
  3 orc high priests (Orc:2)
  Nergalle (Lair:2)
  A hell knight (Volcano)
  A wretched star (Abyss:3)
  Sonja (Lair:2)
  2 sixfirhies
  A flayed ghost (D:13)
  A spriggan simulacrum (IceCv)
  6 orc knights
  Pikel (D:4)
  2 deep elf pyromancers (D:13)
  2 ugly things (D:13)
  3 manticores
  3 orc sorcerers (Orc:2)
  3 cyclopes
  A spectral centaur (D:9)
  A centaur zombie (D:9)
  Maurice (D:8)
  An orange demon (Abyss:3)
  3 black mambas
  Psyche (D:12)
  4 gargoyles
  2 torpor snails (Lair:5)
  12 cane toads
  An unseen horror (shapeshifter) (D:13)
  11 komodo dragons
  A yaktaur (Volcano)
  2 rime drakes (Lair:5)
  An ancient zyme (Abyss:3)
  5 trolls
  An ice devil (IceCv)
  3 hornets (Lair:1)
  10 polar bears
  A spectral meliai (D:9)
  10 blink frogs
  17 slime creatures
  3 raiju
  A dream sheep (Lair:5)
  3 centaur simulacra
  Sigmund (D:4)
  2 shadows
  51 yaks
  A culicivora (shapeshifter) (D:13)
  A basilisk (shapeshifter) (D:13)
  A wraith (D:12)
  3 small abominations (Abyss:3)
  A hog (shapeshifter) (D:14)
  5 basilisks
  3 fire elementals (D:13)
  6 wyverns
  4 steam dragons
  7 vampire mosquitoes
  6 wargs (Lair:5)
  2 nagas (Lair:3)
  A minotaur simulacrum (IceCv)
  A harpy simulacrum (IceCv)
  An acid dragon (D:10)
  17 hell hounds
  18 water moccasins
  14 black bears
  8 ice beasts
  An alligator simulacrum (IceCv)
  22 orc warriors
  3 sky beasts
  39 wolves
  7 ogres
  13 centaurs
  A lemure (D:3)
  A kobold brigand (D:8)
  2 gnoll sergeants
  4 scorpions
  3 deep troll simulacra (IceCv)
  16 bullfrogs
  9 wights
  31 killer bees
  An electric eel (Lair:3)
  2 howler monkeys (D:8)
  4 starcursed masses (Abyss:4)
  2 hounds (D:4)
  A quasit (Abyss:2)
  15 orc priests
  A jelly (D:4)
  3 iguanas
  22 orc wizards
  A lightning spire (Gauntlet)
  7 gnolls
  6 adders
  2 white imps
  6 ufetubi
  3 worms
  A dart slug (D:1)
  75 orcs
  3 bats
  16 endoplasms
  11 giant cockroaches
  8 goblins
  4 hobgoblins
  7 kobolds
  14 quokkas
  17 ball pythons
  13 frilled lizards
  3 rats
  3 starspawn tentacles (Abyss:3)
719 creatures vanquished.

Vanquished Creatures (collateral kills)
  2 gnolls (D:7)
2 creatures vanquished.

Vanquished Creatures (others)
  A killer bee (D:7)
  64 fungi
  70 plants
  5 starspawn tentacles (Abyss:3)
140 creatures vanquished.

Grand Total: 861 creatures vanquished

Notes
Turn   | Place    | Note
-------+----------+-------------------------------------------
     0 | D:1      | cforsyth the Minotaur Berserker began the quest for the
                  | Orb.
     0 | D:1      | Reached XP level 1. HP: 19/19 MP: 0/0
   217 | D:1      | Reached XP level 2. HP: 27/27 MP: 1/1
   582 | D:1      | Found Kybli's Jewellery Emporium.
   846 | D:1      | Reached skill level 3 in Armour
   951 | D:1      | Reached ** piety under Trog
   952 | D:1      | Reached XP level 3. HP: 32/33 MP: 2/2
  2280 | D:3      | Reached XP level 4. HP: 37/41 MP: 3/3
  2457 | D:4      | Noticed a lemure
  2882 | D:3      | Killed a lemure
  3103 | D:4      | Noticed Sigmund
  3106 | D:4      | Gained mutation: You possess an exceptional clarity of
                  | mind. [potion of mutation]
  3106 | D:4      | Gained mutation: You are weak. (Str -2) [potion of
                  | mutation]
  3106 | D:4      | Gained mutation: You are partially covered in iridescent
                  | scales. (AC +2) [potion of mutation]
  3106 | D:4      | Gained mutation: You are mostly covered in iridescent
                  | scales. (AC +4) [potion of mutation]
  3171 | D:4      | Killed Sigmund
  3172 | D:4      | Reached skill level 5 in Fighting
  3172 | D:4      | Reached skill level 5 in Axes
  3172 | D:4      | Reached skill level 4 in Armour
  3172 | D:4      | Reached XP level 5. HP: 48/48 MP: 4/4
  3372 | D:4      | Reached XP level 6. HP: 42/56 MP: 5/5
  3465 | D:4      | Noticed Pikel
  3503 | D:4      | Killed Pikel
  3504 | D:4      | Reached skill level 5 in Armour
  3504 | D:4      | Reached XP level 7. HP: 63/63 MP: 6/6
  3696 | D:4      | Reached skill level 5 in Dodging
  3893 | D:4      | Found a glowing silver altar of Zin.
  3907 | D:4      | Found a hide-covered altar of Uskayaw.
  4222 | D:4      | Identified the +9 sling of Bodowk {flame, Will+}
  4364 | D:5      | Entered Level 5 of the Dungeon
  4455 | D:5      | Reached skill level 6 in Armour
  4471 | D:4      | Reached XP level 8. HP: 61/71 MP: 7/7
  4633 | D:5      | Found Ywnagr Suna's Book Boutique.
  4947 | D:6      | Reached *** piety under Trog
  4972 | D:6      | Reached skill level 7 in Armour
  5324 | D:6      | Found a glowing drain.
  5337 | Sewer    | Entered a sewer
  5522 | Sewer    | Reached **** piety under Trog
  5596 | Sewer    | Reached XP level 9. HP: 79/81 MP: 8/8
  6326 | D:7      | Reached skill level 8 in Armour
  6384 | D:7      | Found a staircase to the Ecumenical Temple.
  6876 | D:7      | Identified the +0 helmet of the Garden {-Cast Harm *Corrode
                  | rC+++}
  7122 | D:8      | Noticed Gastronok
  7130 | D:8      | Reached skill level 9 in Armour
  7143 | D:8      | Killed Gastronok
  7144 | D:8      | Reached XP level 10. HP: 81/93 MP: 5/9
  7288 | D:8      | Noticed Maurice
  7297 | D:8      | Killed Maurice
  7298 | D:8      | Reached skill level 10 in Fighting
  7298 | D:8      | Reached skill level 10 in Axes
  7463 | D:8      | Reached ***** piety under Trog
  7662 | D:9      | Reached skill level 10 in Armour
  7784 | D:9      | Found a staircase to the Orcish Mines.
  7848 | D:9      | Reached XP level 11. HP: 84/101 MP: 8/10
  7997 | D:9      | Found a runed translucent gate.
  7997 | D:9      | Found a runed translucent gate.
  7997 | D:9      | Found a runed translucent gate.
  8005 | D:9      | Noticed p00ps00p's ghost (journeyman HOFi)
  8079 | D:9      | Found Igarche's General Store.
  8295 | D:10     | Entered Level 10 of the Dungeon
  8553 | D:10     | Received a gift from Trog
  8716 | D:10     | Reached skill level 1 in Evocations
  9255 | D:11     | Noticed a two-headed ogre
  9259 | D:11     | Found a staircase to the Lair.
  9266 | D:11     | Killed a two-headed ogre
  9267 | D:11     | Reached skill level 10 in Dodging
  9267 | D:11     | Reached skill level 1 in Shields
  9268 | D:11     | Reached skill level 11 in Armour
  9607 | D:11     | Found a gate leading to a gauntlet.
  9620 | Gauntlet | Entered a Gauntlet
  9620 | Gauntlet | Found a transporter.
  9620 | Gauntlet | Found a transporter.
  9624 | Gauntlet | Found a transporter.
  9625 | Gauntlet | Noticed a sixfirhy
  9630 | Gauntlet | Found a transporter.
  9631 | Gauntlet | Noticed a ghost crab
  9638 | Gauntlet | Found a transporter.
  9642 | Gauntlet | Found a transporter.
  9650 | Gauntlet | Noticed a dire elephant
  9652 | Gauntlet | Found a transporter.
  9740 | Gauntlet | Found a transporter.
  9743 | Gauntlet | Found a transporter.
  9752 | Gauntlet | Noticed an obsidian statue
  9753 | Gauntlet | Found a transporter.
  9757 | Gauntlet | Found a transporter.
  9773 | Gauntlet | Found a transporter.
  9839 | Gauntlet | Killed a sixfirhy
  9960 | Gauntlet | Killed a ghost crab
 10005 | Gauntlet | Identified the ring of Tulips {Dex+5 SInv}
 10136 | Gauntlet | Identified the +0 pair of boots of Beogh's Indignation
                  | {+Inv rPois rC- Dex+4}
 10152 | Gauntlet | Identified the +4 sling of the Open Hand {speed, rElec rF+
                  | MP-9 Dex+7}
 10152 | Gauntlet | Identified the +0 plate armour of Koec {Int+3}
 10152 | Gauntlet | Noticed a minotaur
 10176 | Gauntlet | Killed a minotaur
 10177 | Gauntlet | Reached XP level 12. HP: 85/109 MP: 5/11
 10533 | D:11     | Identified the +8 hand axe "Unnus" {flame, rElec rF+
                  | Stlth+}
 10550 | D:11     | Noticed a two-headed ogre
 10554 | D:11     | Killed a two-headed ogre
 10648 | D:11     | Noticed a two-headed ogre
 10655 | D:11     | Killed a two-headed ogre
 11053 | D:12     | Identified a scroll of acquirement
 11057 | D:12     | Noticed Psyche
 11066 | D:12     | Killed Psyche
 11105 | D:12     | Acquired a manual of Armour
 11193 | D:12     | Reached skill level 12 in Armour
 11193 | D:12     | Reached skill level 5 in Shields
 11353 | D:12     | Noticed a boulder beetle
 11361 | D:12     | Killed a boulder beetle
 11362 | D:12     | Noticed a two-headed ogre
 11369 | D:12     | Killed a two-headed ogre
 11760 | D:12     | Noticed a two-headed ogre
 11768 | D:12     | Killed a two-headed ogre
 11989 | Lair:1   | Entered Level 1 of the Lair of Beasts
 12179 | Lair:1   | Reached skill level 5 in Evocations
 12193 | Lair:1   | Reached skill level 13 in Armour
 12443 | Lair:1   | Received a gift from Trog
 12758 | Lair:2   | Noticed Sonja
 12766 | Lair:2   | Killed Sonja
 12767 | Lair:2   | Reached XP level 13. HP: 84/119 MP: 10/12
 12888 | Lair:2   | Noticed Nergalle
 12896 | Lair:2   | Killed Nergalle
 13131 | Lair:2   | Noticed Erica
 13140 | Lair:2   | Killed Erica
 13969 | Lair:2   | Found a staircase to the Shoals.
 14029 | Lair:3   | Found a staircase to the Snake Pit.
 14078 | Lair:3   | Reached skill level 14 in Armour
 16876 | Lair:5   | Entered Level 5 of the Lair of Beasts
 16943 | Lair:5   | Reached skill level 15 in Armour
 16957 | Lair:5   | Reached XP level 14. HP: 69/130 MP: 9/13
 17004 | Lair:5   | Found a dark tunnel.
 17016 | Volcano  | Entered a volcano
 18080 | Lair:5   | Found a viscous altar of Jiyva.
 18081 | Lair:5   | Found a staircase to the Slime Pits.
 18086 | Lair:5   | Identified the +0 pair of gloves "Cahaod" {Will+}
 18240 | Lair:5   | Received a gift from Trog
 18701 | Orc:1    | Entered Level 1 of the Orcish Mines
 19170 | Orc:1    | You fall into a shaft and drop 1 floor!
 19170 | Orc:2    | Entered Level 2 of the Orcish Mines
 19310 | Orc:1    | Reached skill level 16 in Armour
 19762 | Orc:2    | Found a staircase to the Elven Halls.
 20083 | Orc:2    | Received a gift from Trog
 20243 | Orc:2    | Paralysed by an orc sorcerer for 2 turns
 20246 | Abyss:2  | Cast into level 2 of the Abyss (orc sorcerer)
 20260 | Abyss:2  | Noticed a bone dragon
 20282 | Abyss:2  | Killed a bone dragon
 20310 | Abyss:3  | Noticed a tentacled starspawn
 20314 | Abyss:3  | Noticed a tentacled starspawn
 20323 | Abyss:3  | Killed a tentacled starspawn
 20324 | Abyss:3  | Reached skill level 10 in Shields
 20329 | Abyss:3  | Killed a tentacled starspawn
 20478 | Abyss:3  | Noticed a tentacled starspawn
 20481 | Abyss:3  | Noticed a lich
 20484 | Abyss:3  | Killed a tentacled starspawn
 20493 | Abyss:3  | Killed a lich
 20496 | Abyss:3  | Noticed a starcursed mass
 20542 | Abyss:4  | Noticed a starcursed mass
 20618 | Abyss:4  | Noticed a revenant
 20681 | Abyss:4  | Killed a revenant
 20682 | Abyss:4  | Reached XP level 15. HP: 106/136 MP: 11/14
 20684 | Orc:2    | Escaped the Abyss
 20691 | Orc:2    | Reached skill level 15 in Axes
 20691 | Orc:2    | Reached skill level 17 in Armour
 20795 | Orc:2    | Found Jeze's Antique Weapon Shop.
 20795 | Orc:2    | Found Baumim's Jewellery Emporium.
 20797 | Orc:2    | Found Celeij's General Store.
 20797 | Orc:2    | Found Usokant's Antique Weapon Shop.
 20836 | Orc:2    | Reached skill level 15 in Fighting
 21181 | D:9      | Killed p00ps00p's ghost
 22056 | D:13     | Received a gift from Trog
 22423 | D:13     | Identified the +7 war axe "Kugraace" {venom, Contam rElec
                  | rPois}
 22423 | D:13     | Noticed a tengu reaver
 22435 | D:13     | Killed a tengu reaver
 22873 | D:13     | Reached skill level 18 in Armour
 22873 | D:13     | Noticed Azrael
 22884 | D:13     | Killed Azrael
 23583 | D:14     | Found a frozen archway.
 23590 | IceCv    | Entered an ice cave
 24007 | IceCv    | HP: 10/214 [golden dragon simulacrum (1)]
 24007 | IceCv    | Annihilated by a golden dragon simulacrum

Illustrated notes

Levels and vault maps discovered:
D:1:      dpeg_arrival_brainrot, layout_basic, serial_shops, shop,
          nrook_campfire, hangedman_decor_push
D:2:      layout_rooms
D:3:      layout_basic
D:4:      layout_layer_cave, mainiacjoe_overflow_catwalk_spiral,
          chequers_serial_rivers_small_b, uniq_pikel, uniq_sigmund
D:5:      layout_rooms, serial_shops, nicolae_shop_window_shopping
D:6:      layout_rooms, portal_sewer_entry_f, kennysheep_generic_room_9
D:7:      layout_basic, minmay_temple_entry_grid, amcnicky_mini_corridor_feature
D:8:      layout_cave_pools, minmay_misc_feat_pillars, uniq_gastronok,
          uniq_maurice
D:9:      layout_cross, david_orc_2, gammafunk_ghost_necromancy, serial_shops,
          nicolae_inconvenience_store
D:10:     layout_irregular_city
D:11:     layout_basic, due_lair_maze_entry_diamond, gauntlet_entry_generic
D:12:     layout_irregular_city, uniq_psyche
D:13:     minmay_the_grid_3x2 [minmay_the_grid_slots, minmay_the_grid_plusring,
          minmay_the_grid_broken_lines, minmay_the_grid_holed_spiral,
          minmay_the_grid_odd_star, minmay_the_grid_prize_diamond_cup],
          layout_loops_corners, uniq_azrael
D:14:     layout_layer_cave, erik_vaults_2, basic_altar, serial_ice,
          serial_ice_e, serial_ice_d, serial_ice_i, serial_ice_f,
          portal_ice_cave_entry_pillars_three
Lair:1:   layout_gridlike, dreamdust_wasp_nest, grunt_megastairs_4
Lair:2:   layout_cave_pods, shoals_dummy_entry, beast_lair_carwin_5,
          uniq_nergalle, uniq_sonja, uniq_erica
Lair:3:   layout_layer_cave, guppyfry_snake_entry_island,
          nicolae_quartered_pool_medium, minivault_25
Lair:4:   layout_layer_cave, ice2_lemuel
Lair:5:   hangedman_lair_caniforms_friends, layout_loops_ring, slime_entry_1,
          enter_volcano_2
Orc:1:    layout_diamond_mine, basic_altar
Orc:2:    grunt_orc_tribal_feast, layout_diamond_mine
IceCv:    ice_cave_small_demon

Skill      XL: |  1  2  3  4  5  6  7  8  9 10 11 12 13 14 15 |
---------------+----------------------------------------------+-----
Fighting       | 4 5 6 7 9 10 11 12 13 14 15 | 15.6
Axes           | 4 5 6 7 9 10 11 12 13 14 15 | 15.6
Armour         | 3 4 5 6 7 9 10 11 13 15 16 18 | 18.2
Dodging        | 3 4 5 6 8 9 10 11 12 13 14 | 14.1
Evocations     | 3 5 6 8 9 |  9.2
Shields        | 4 6 8 10 | 10.0

Action                   |  1- 3 |  4- 6 |  7- 9 | 10-12 | 13-15 || total
-------------------------+-------+-------+-------+-------+-------++-------
Melee: Hand axe          |   104 |    38 |    21 |       |       ||   163
       Headbutt          |     8 |     9 |    41 |    76 |   184 ||   318
       Punch             |     1 |       |       |     1 |       ||     2
       War axe           |       |       |   273 |   148 |       ||   421
       Broad axe         |       |       |       |   259 |   831 ||  1090
 Fire: Sling             |       |       |    23 |       |       ||    23
Throw: Javelin           |       |       |       |       |     6 ||     6
Invok: Berserk           |     1 |     2 |     2 |     4 |    10 ||    19
       Trog's Hand       |       |     2 |       |     3 |     4 ||     9
       Brothers in Arms  |       |       |       |     1 |       ||     1
  Use: Scroll            |       |     7 |    11 |     5 |     8 ||    31
       Potion            |       |     3 |       |       |       ||     3
 Stab: Petrified         |       |       |       |       |     1 ||     1
Armor: Ring mail         |    29 |     7 |       |       |       ||    36
       Animal skin       |     1 |       |       |       |       ||     1
       Skin              |       |     8 |       |       |       ||     8
       Chain mail        |       |     8 |   245 |   249 |   441 ||   943
       Fire dragon scale |       |       |       |       |     2 ||     2
Dodge: Dodged            |    39 |    16 |   180 |   250 |   499 ||   984
Block: Kite shield       |       |       |       |   113 |   532 ||   645

Table legend: (Time is in decaauts)
 A = Elapsed time spent in this place.
 B = Non-inter-level travel time spent in this place.
 C = Inter-level travel time spent in this place.
 D = Time resting spent in this place.
 E = Time spent auto-exploring this place.
 F = Levels seen in this place.
 G = Mean time per level.
                   A        B        C        D        E       F      G
               +--------+--------+--------+--------+--------+-----+--------+
         Total |  24433 |  22886 |   1547 |   3433 |  14438 |  28 |  872.6 |
       Dungeon |  13786 |  12951 |    835 |   1616 |   8809 |  14 |  984.7 |
          Lair |   6167 |   5573 |    594 |    623 |   3897 |   5 | 1233.4 |
  Orcish Mines |   2022 |   1906 |    116 |    153 |   1364 |   2 | 1011.0 |
         Abyss |    493 |    493 |      0 |    280 |     48 |   3 |  164.3 |
         Sewer |    353 |    353 |      0 |      0 |    105 |   1 |  353.0 |
      Ice Cave |    415 |    415 |      0 |    360 |     13 |   1 |  415.0 |
       Volcano |    513 |    513 |      0 |    150 |    200 |   1 |  513.0 |
      Gauntlet |    682 |    682 |      0 |    250 |      0 |   1 |  682.0 |
               +--------+--------+--------+--------+--------+-----+--------+

Top non-repeatable levels by time:
    D:13: 1910 daAuts
  Lair:3: 1496 daAuts
  Lair:4: 1465 daAuts
     D:4: 1434 daAuts
     D:3: 1348 daAuts
    D:12: 1342 daAuts
  Lair:2: 1330 daAuts
   Orc:2: 1325 daAuts
     D:1: 1260 daAuts
    D:11: 1201 daAuts
     D:7: 1001 daAuts
  Lair:1: 938 daAuts
  Lair:5: 936 daAuts
    D:10: 933 daAuts
     D:5: 850 daAuts
